[Event "Titled Tuesday Blitz March 29 Early 2022"]
[White "Kozak, Antoni"]
[Black "Iljin, Timofey"]
[WhiteFideId "21832030"]
[BlackFideId "14110180"]
[WhiteElo "2236"]
[BlackElo "2396"]
[Result "1-0"]
[Round "06"]
[TimeControl "180+1"]
[Date "2022.03.30"]
[WhiteClock "0:00:09"]
[BlackClock "0:00:02"]

1. e4 e5 2. Nf3 Nc6 3. Bc4 Nf6 4. d3 Bc5 5. Nc3 h6 6. Be3 d6 7. Ne2 O-O 8. Ng3 Bxe3 9. fxe3 d5 10. exd5 Nxd5 11. Qd2 a6 12. O-O b5 13. Bb3 Be6 14. Qf2 Qe7 15. Rae1 Rad8 16. Nh5 g6 17. e4 Nf4 18. Nxf4 exf4 19. d4 Bxb3 20. axb3 Qd6 21. c3 Kg7 22. Nh4 Na5 23. b4 Nc4 24. e5 Qe6 25. Qxf4 Nxb2 26. Re3 Nc4 27. Rg3 Kh7 28. Qf2 Nb6 29. Qc2 Nd5 30. h3 Rg8 31. Rgf3 Rd7 32. g4 Rf8 33. Kh2 Qe7 34. Qf2 Qe6 35. Ng2 f6 36. Nf4 Nxf4 37. Rxf4 f5 38. gxf5 gxf5 39. Rxf5 Rg8 40. Rf7+ Kh8 41. Qf6+ Qxf6 42. R7xf6 Rgg7 43. Rxh6+ Kg8 44. Rxa6 Rde7 45. Rg1 Kh7 46. Rxg7+ Kxg7 47. Rc6 Kf7 48. Rc5 Re6 49. Rxc7+ Kg6 50. Rc5 Kf5 51. Rxb5 Ke4 52. Rc5 Kd3 53. Kg3 Rg6+ 54. Kf4 Rg1 55. e6 Rf1+ 56. Ke5 Re1+ 57. Kd6 Kc2 58. e7 Kb3 59. Re5 Rg1 60. e8=Q Rf1 61. Qe6+ Ka4 62. b5 Ka3 63. b6 Ka4 64. b7 Ka3 65. b8=Q Rf6 66. Qb3# 1-0


[Site "https://www.chess.com"]

[Event "Titled Tuesday Blitz March 29 Early 2022"]
[White "Krylov, Ivan"]
[Black "Mena, Ailen Oriana"]
[WhiteFideId "24128066"]
[BlackFideId "3902773"]
[WhiteElo "2258"]
[BlackElo "1534"]
[Result "0-1"]
[Round "06"]
[TimeControl "180+1"]
[Date "2022.03.30"]
[WhiteClock "0:00:03"]
[BlackClock "0:00:38"]

1. e4 e5 2. Nf3 Nc6 3. Bb5 f5 4. d3 fxe4 5. dxe4 Nf6 6. Nc3 Bb4 7. O-O Bxc3 8. bxc3 d6 9. Re1 O-O 10. h3 Qe8 11. Ng5 h6 12. Bc4+ Kh8 13. Nf3 Qh5 14. Ba3 Ne7 15. Re3 Ng6 16. Be2 Nf4 17. Nd4 Qg6 18. g3 exd4 19. cxd4 Nxh3+ 20. Kh2 Ng4+ 21. Bxg4 Rxf2+ 22. Kxh3 Qh5# 0-1


[Site "https://www.chess.com"]

[Event "Titled Tuesday Blitz March 29 Early 2022"]
[White "Lagunov, Evgenij"]
[Black "Flis, Pawel"]
[WhiteFideId "4125363"]
[BlackFideId "1112864"]
[WhiteElo "2200"]
[BlackElo "1735"]
[Result "1-0"]
[Round "06"]
[TimeControl "180+1"]
[Date "2022.03.30"]
[WhiteClock "0:00:04"]
[BlackClock "0:00:01"]

1. e4 c5 2. Nf3 d6 3. d4 Nf6 4. Nc3 cxd4 5. Nxd4 a6 6. g3 g6 7. Bg2 Bg7 8. h3 O-O 9. Be3 Nc6 10. O-O Nxd4 11. Bxd4 Rb8 12. a4 Be6 13. Qd2 Qa5 14. Rfd1 Rfc8 15. g4 Qb4 16. Rab1 b5 17. axb5 axb5 18. Bxf6 Bxf6 19. Nd5 Qc5 20. Nxf6+ exf6 21. c3 Rd8 22. Rbc1 Bb3 23. Re1 Be6 24. Qf4 Kg7 25. Rcd1 Qe5 26. Qe3 Qc5 27. Rd4 b4 28. c4 b3 29. Rc1 Rb4 30. Bf1 Rc8 31. Rc3 Ra8 32. Kg2 Ra2 33. Rd2 Qxe3 34. fxe3 Raa4 35. Rxd6 Bxc4 36. Bxc4 Rxc4 37. Rxb3 Rxe4 38. Rd7 Rab4 39. Rxb4 Rxb4 40. Rd2 Kh6 41. Kg3 g5 42. Kf3 Kg6 43. Rc2 h5 44. Rg2 h4 45. Rc2 Kg7 46. Ke2 Rb3 47. Kd2 Kg6 48. Ke2 Kg7 49. Kf3 Rb4 50. Rd2 Kg6 51. Re2 Rb6 52. Ke4 Rb3 53. Kd4 f5 54. gxf5+ Kxf5 55. Kc4 1-0


[Site "https://www.chess.com"]

[Event "Titled Tuesday Blitz March 29 Early 2022"]
[White "Le Ruyet, Leopold"]
[Black "Pein, Jonathan"]
[WhiteFideId "645923"]
[BlackFideId "417092"]
[WhiteElo "2276"]
[BlackElo "2140"]
[Result "1-0"]
[Round "06"]
[TimeControl "180+1"]
[Date "2022.03.30"]
[WhiteClock "0:00:18"]
[BlackClock "0:00:22"]

1. d4 Nf6 2. c4 e6 3. Nc3 Bb4 4. f3 d5 5. a3 Bxc3+ 6. bxc3 c5 7. e3 O-O 8. cxd5 exd5 9. Bd3 Re8 10. Ne2 Nc6 11. O-O b6 12. Ng3 Qe7 13. Kh1 c4 14. Bc2 Bd7 15. e4 dxe4 16. fxe4 Bg4 17. Qe1 Rad8 18. Bg5 Qe6 19. Qf2 Ne7 20. h3 Bh5 21. Bxf6 gxf6 22. Nxh5 f5 23. e5 Nd5 24. Bxf5 Qh6 25. Qh4 Kh8 26. Bc2 f5 27. Rxf5 Ne3 28. Rf6 Nxg2 29. Rxh6 Nxh4 30. Rxh7+ Kg8 31. Nf6+ Kf8 32. Nxe8 Kxe8 33. Rxh4 1-0


[Site "https://www.chess.com"]

[Event "Titled Tuesday Blitz March 29 Early 2022"]
[White "Lehtosaari, Mauri"]
[Black "Mirzoev, Azer"]
[WhiteFideId "501999"]
[BlackFideId "13400304"]
[WhiteElo "2511"]
[BlackElo "2525"]
[Result "0-1"]
[Round "06"]
[TimeControl "180+1"]
[Date "2022.03.30"]
[WhiteClock "0:00:03"]
[BlackClock "0:00:06"]

1. d4 d5 2. Nf3 Bf5 3. Bf4 e6 4. c3 c5 5. e3 Nc6 6. Ne5 Qb6 7. Qb3 c4 8. Qxb6 axb6 9. Nd2 Nf6 10. a3 b5 11. Rc1 h5 12. h3 Nxe5 13. Bxe5 Nd7 14. Be2 Nxe5 15. dxe5 Bc5 16. Nf3 Be4 17. O-O Ke7 18. Nd4 Ra5 19. f3 Bg6 20. Bd1 f6 21. f4 fxe5 22. fxe5 h4 23. Rf4 Bf7 24. Be2 Bb6 25. Rcf1 Be8 26. Bg4 Rh6 27. Rf8 Ra8 28. R1f7+ Bxf7 29. Rxa8 Bc7 30. Ra7 Bxe5 31. Rxb7+ Kf6 32. Rxb5 Rh8 33. Rb6 Re8 34. Kf2 Bc7 35. Rc6 Bg3+ 36. Ke2 Rb8 37. Bxe6 Rxb2+ 38. Kf3 Be8 39. Ra6 Rf2+ 40. Kg4 Ke5 41. Bxd5 Kxd5 42. Re6 Bd7 43. e4+ Kc5 0-1


[Site "https://www.chess.com"]

[Event "Titled Tuesday Blitz March 29 Early 2022"]
[White "Liyanage, Ranindu Dilshan"]
[Black "Gracia Alvarez, Gerardo Antonio"]
[WhiteFideId "9915834"]
[BlackFideId "5109124"]
[WhiteElo "1858"]
[BlackElo "2139"]
[Result "1-0"]
[Round "06"]
[TimeControl "180+1"]
[Date "2022.03.30"]
[WhiteClock "0:01:23"]
[BlackClock "0:01:00"]

1. e4 c5 2. Nf3 Nc6 3. d4 cxd4 4. Nxd4 Nf6 5. Nc3 e5 6. Ndb5 h6 7. Nd6+ Bxd6 8. Qxd6 Qe7 9. Qxe7+ Kxe7 10. Bc4 d6 11. f3 Be6 12. Bxe6 fxe6 13. Be3 Rhc8 14. O-O-O a6 15. g4 b5 16. h4 Nd7 17. g5 h5 18. Rd2 Na5 19. Bf2 Nc4 20. Rd3 g6 21. Rhd1 Rc6 22. a3 Rac8 23. Na2 Nxb2 24. Kxb2 Rxc2+ 25. Kb1 Rxf2 26. Rxd6 Nc5 27. Nb4 Rxf3 28. Nc6+ Ke8 29. Rd8+ Rxd8 30. Rxd8+ Kf7 31. Nxe5+ 1-0


[Site "https://www.chess.com"]

[Event "Titled Tuesday Blitz March 29 Early 2022"]
[White "Ljukin, Sergei"]
[Black "Atakhan, Abtin"]
[WhiteFideId "14102200"]
[BlackFideId "22502203"]
[WhiteElo "2312"]
[BlackElo "2119"]
[Result "1/2-1/2"]
[Round "06"]
[TimeControl "180+1"]
[Date "2022.03.29"]
[WhiteClock "0:00:05"]
[BlackClock "0:00:18"]

1. e4 c5 2. Nf3 Nc6 3. d4 cxd4 4. Nxd4 g6 5. c4 Bg7 6. Be3 Nf6 7. Nc3 d6 8. Be2 Nxd4 9. Bxd4 O-O 10. O-O a5 11. b3 Be6 12. f4 a4 13. Rc1 axb3 14. axb3 Qa5 15. Nd5 Bxd5 16. exd5 Nd7 17. Bxg7 Kxg7 18. Qd4+ Kg8 19. Rb1 Qb4 20. f5 Ne5 21. f6 Rfe8 22. fxe7 Rxe7 23. Ra1 Rxa1 24. Rxa1 Qxb3 25. c5 dxc5 26. Qxc5 Re8 27. Bb5 Qb2 28. Rf1 Ra8 29. d6 Rd8 30. d7 Nxd7 31. Qe7 Qd4+ 32. Kh1 Ne5 33. Qxb7 Qd5 34. Qxd5 Rxd5 35. Be2 Rd2 36. Bf3 Kg7 37. h3 h5 38. Bb7 Nd3 39. Kg1 g5 40. Rf5 f6 41. Rd5 Rd1+ 42. Kh2 Nf2 43. Rxd1 Nxd1 44. Bf3 Ne3 45. Bxh5 Kf8 46. Be2 Ke7 47. Kg3 Nf5+ 48. Kf3 Ng7 49. Kg4 Ne6 50. Bd3 Nf4 51. Be4 Kf7 52. h4 Ne6 53. hxg5 Nxg5 54. Bf5 Ke7 55. Kf4 Kd6 56. Bb1 Ke6 57. Ba2+ Ke7 58. Kf5 Nh7 59. g4 Ng5 60. Bb3 Nf3 61. Ba2 Nd2 62. g5 fxg5 63. Kxg5 1/2-1/2


[Site "https://www.chess.com"]

[Event "Titled Tuesday Blitz March 29 Early 2022"]
[White "Maghsoodloo, Parham"]
[Black "Weetik, Vjacheslav"]
[WhiteFideId "12539929"]
[BlackFideId "4153472"]
[WhiteElo "2630"]
[BlackElo "2469"]
[Result "1-0"]
[Round "06"]
[TimeControl "180+1"]
[Date "2022.03.29"]
[WhiteClock "0:01:01"]
[BlackClock "0:00:08"]

1. e4 c6 2. d4 d5 3. e5 Bf5 4. h4 Qb6 5. Nc3 h6 6. Bd3 Bxd3 7. Qxd3 e6 8. Nce2 c5 9. c3 Qa6 10. Qxa6 Nxa6 11. a3 h5 12. Nf3 Ne7 13. b4 cxd4 14. Nexd4 Rc8 15. Nb5 Nf5 16. Bd2 Nc7 17. Nbd4 Nxd4 18. Nxd4 Na8 19. a4 Nb6 20. a5 Nc4 21. a6 bxa6 22. Rxa6 Nxe5 23. Rxa7 Bd6 24. Ke2 Nc4 25. Rha1 O-O 26. R1a6 Be5 27. Nc6 Bf6 28. Bg5 Ne5 29. b5 Nxc6 30. bxc6 Bxc3 31. Be7 Rfe8 32. Bd6 Red8 33. c7 Re8 34. Rb7 f5 35. Rb8 Kf7 36. Raa8 1-0


[Site "https://www.chess.com"]

[Event "Titled Tuesday Blitz March 29 Early 2022"]
[White "Manelyuk, Daniil"]
[Black "Bashirli, Saadat"]
[WhiteFideId "44173920"]
[BlackFideId "13429990"]
[WhiteElo "2222"]
[BlackElo "1173"]
[Result "1-0"]
[Round "06"]
[TimeControl "180+1"]
[Date "2022.03.30"]
[WhiteClock "0:00:57"]
[BlackClock "0:00:43"]

1. e4 c5 2. Nf3 g6 3. d4 cxd4 4. Nxd4 Nc6 5. Nc3 Bg7 6. Be3 Nf6 7. f3 O-O 8. Qd2 d5 9. Nxc6 bxc6 10. O-O-O Be6 11. exd5 cxd5 12. Bd4 Qc7 13. g4 Rfb8 14. b3 Rb4 15. a3 Rbb8 16. Na4 Qd6 17. Kb2 Qc6 18. Ka2 Bxg4 19. fxg4 Ne4 20. Qc1 e5 21. Bb2 Nf2 22. Bg2 Nxd1 23. Rxd1 e4 24. Bxg7 Kxg7 25. Qb2+ Kg8 26. Nc3 Rd8 27. Ne2 Qe6 28. h3 Rac8 29. Nf4 Qc6 30. Rd2 e3 31. Re2 Qc5 32. Nxd5 Rxd5 33. Bxd5 Qxd5 34. Rxe3 Qd1 35. Rd3 Qf1 36. a4 Qf2 37. Rc3 Re8 38. Rc7 Qg3 39. Rxa7 Qxh3 40. Qf6 Rf8 41. g5 Qh2 42. Kb2 Qg1 43. Rd7 Qh2 44. a5 Qb8 45. a6 Qa8 46. a7 Qe4 47. Rd8 Rxd8 48. Qxd8+ Kg7 49. a8=Q Qe5+ 50. Ka2 f5 51. Qb7+ Qe7 52. Qdd7 Qxd7 53. Qxd7+ Kg8 54. b4 f4 55. b5 h5 56. b6 f3 57. b7 f2 58. Qd3 f1=Q 59. Qxf1 Kg7 60. Qf6+ Kg8 61. Qxg6+ Kh8 62. Qxh5+ Kg7 63. Qh6+ Kg8 64. c4 Kf7 65. c5 Kg8 66. c6 Kf7 67. c7 Kg8 68. c8=Q+ Kf7 69. Qf5+ Kg8 70. Qe4 Kf7 71. b8=N Kg8 72. Nd7 Kf7 73. g6+ Kg8 74. Nf6# 1-0


[Site "https://www.chess.com"]

[Event "Titled Tuesday Blitz March 29 Early 2022"]
[White "Mangialardo, Tiago Carvalho"]
[Black "Terletsky, Oleg"]
[WhiteFideId "2130718"]
[BlackFideId "14116774"]
[WhiteElo "2066"]
[BlackElo "2064"]
[Result "0-1"]
[Round "06"]
[TimeControl "180+1"]
[Date "2022.03.30"]
[WhiteClock "0:00:02"]
[BlackClock "0:00:53"]

1. e4 e5 2. Nf3 Nc6 3. Bb5 a6 4. Ba4 Nf6 5. O-O Be7 6. Re1 b5 7. Bb3 O-O 8. c3 d5 9. exd5 Nxd5 10. Nxe5 Nxe5 11. Rxe5 c6 12. Qf3 Bd6 13. Re1 Qh4 14. h3 Be6 15. d4 Rae8 16. Be3 h5 17. Nd2 Bg4 18. hxg4 hxg4 19. Qf5 Qh2+ 20. Kf1 Nf4 21. Nf3 Qxg2# 0-1


[Site "https://www.chess.com"]

[Event "Titled Tuesday Blitz March 29 Early 2022"]
[White "Manukyan, Sargis A."]
[Black "Dronavalli, Harika"]
[WhiteFideId "13303970"]
[BlackFideId "5015197"]
[WhiteElo "2187"]
[BlackElo "2382"]
[Result "1-0"]
[Round "06"]
[TimeControl "180+1"]
[Date "2022.03.30"]
[WhiteClock "0:00:24"]
[BlackClock "0:00:05"]

1. d4 Nf6 2. c4 e6 3. Nc3 Bb4 4. a3 Bxc3+ 5. bxc3 Nc6 6. e3 b6 7. Bd3 Na5 8. e4 Ba6 9. e5 Ng8 10. Qg4 Kf8 11. Qe2 Ne7 12. a4 c5 13. Nf3 Rc8 14. d5 h6 15. d6 Nec6 16. Nd2 Qh4 17. O-O Rb8 18. f4 g6 19. Rb1 Ke8 20. g3 Qd8 21. Ne4 Kf8 22. Nf6 Kg7 23. g4 Nb7 24. h4 Nxd6 25. exd6 Qxf6 26. g5 Qd8 27. f5 exf5 28. gxh6+ Rxh6 29. Bg5 Qe8 30. Bxh6+ Kxh6 31. Qd2+ Kg7 32. Rbe1 Qh8 33. Qg5 Re8 34. Rxe8 Qxe8 35. h5 Qe5 36. hxg6 fxg6 37. Bxf5 Qxd6 38. Be4 Bxc4 39. Rf2 Ne5 40. Rd2 Qe6 41. Rh2 Nf7 42. Qh4 Qf6 43. Qh7+ Kf8 44. Rf2 Qg5+ 45. Kh1 1-0


[Site "https://www.chess.com"]

[Event "Titled Tuesday Blitz March 29 Early 2022"]
[White "Marcziter, Dmitrii"]
[Black "Vusatiuk, Vladimir"]
[WhiteFideId "13900765"]
[BlackFideId "14118610"]
[WhiteElo "2155"]
[BlackElo "2157"]
[Result "0-1"]
[Round "06"]
[TimeControl "180+1"]
[Date "2022.03.30"]
[WhiteClock "0:01:00"]
[BlackClock "0:00:13"]

1. d4 d5 2. c4 e6 3. Nc3 c5 4. cxd5 cxd4 5. Qxd4 Nc6 6. Qa4 exd5 7. e3 Nf6 8. Nf3 Be7 9. Bb5 Qb6 10. O-O O-O 11. Rd1 Be6 12. a3 Rfd8 13. b4 Rac8 14. Bb2 Ne4 15. Bxc6 bxc6 16. Nd4 Nd6 17. Nxe6 fxe6 18. Ne2 Qb5 19. Qc2 c5 20. Nc3 cxb4 21. axb4 Qxb4 22. Rxa7 Bf6 23. Rc1 Ne4 24. Nxd5 Rxc2 25. Nxb4 Rxc1+ 26. Bxc1 Rd1# 0-1


[Site "https://www.chess.com"]

[Event "Titled Tuesday Blitz March 29 Early 2022"]
[White "Martin Carmona, Gaston Manuel"]
[Black "Csonka, Balazs"]
[WhiteFideId "22284567"]
[BlackFideId "742910"]
[WhiteElo "2161"]
[BlackElo "2404"]
[Result "0-1"]
[Round "06"]
[TimeControl "180+1"]
[Date "2022.03.30"]
[WhiteClock "0:00:06"]
[BlackClock "0:00:03"]

1. c4 Nf6 2. g3 c6 3. Bg2 d5 4. Nf3 dxc4 5. O-O Qd5 6. Nc3 Qh5 7. b3 cxb3 8. Qxb3 e6 9. Ba3 Nbd7 10. d4 Qa5 11. Bxf8 Nxf8 12. Ne5 Ng6 13. Nxc6 Qb6 14. Qxb6 axb6 15. Ne5 Nxe5 16. dxe5 Ng4 17. f4 Ne3 18. Rfc1 Nxg2 19. Kxg2 Bd7 20. Rab1 Bc6+ 21. Kf2 Ra6 22. Rb2 Kd7 23. Rcb1 Kc7 24. Rc2 Kb8 25. Rcb2 Kc7 26. Ke3 Rd8 27. Rc1 Kb8 28. h4 Ka7 29. h5 h6 30. g4 Ra3 31. Rb3 Ra5 32. Rcb1 Rc8 33. Rxb6 Bg2 34. R6b3 Rac5 35. Ne4 Rc2 36. Rxb7+ Ka8 37. R7b5 Rxa2 38. Nd6 Rc3+ 39. Kf2 Bd5 40. Rb8+ Ka7 41. Rf8 Rcc2 42. Rxf7+ Ka6 43. Re1 Ra3 44. Rxg7 Rf3+ 45. Kg1 Rg3+ 46. Kf2 Rf3+ 47. Kg1 Rg3+ 48. Kh2 Rg2+ 49. Kh3 Rc3+ 50. e3 Rcc2 51. Rh1 Rge2 52. Kh4 Bxh1 53. g5 Rh2+ 54. Kg4 Rcg2+ 55. Kf3 Rg1# 0-1


[Site "https://www.chess.com"]

[Event "Titled Tuesday Blitz March 29 Early 2022"]
[White "Martinez Alcantara, Jose Eduardo"]
[Black "Postny, Evgeny"]
[WhiteFideId "3805662"]
[BlackFideId "2804344"]
[WhiteElo "2690"]
[BlackElo "2483"]
[Result "1-0"]
[Round "06"]
[TimeControl "180+1"]
[Date "2022.03.29"]
[WhiteClock "0:01:23"]
[BlackClock "0:00:02"]

1. e4 e5 2. Nf3 Nc6 3. Bb5 a6 4. Ba4 Nf6 5. d3 d6 6. c3 g6 7. h3 Bg7 8. Be3 O-O 9. Nbd2 Bd7 10. O-O Qe8 11. Re1 Rd8 12. Bb3 Kh8 13. d4 Nh5 14. dxe5 Nxe5 15. Nxe5 dxe5 16. Bc5 Rg8 17. Qc2 Nf4 18. Nf3 Be6 19. Rad1 Qb5 20. Bxe6 Nxe6 21. Be3 Rge8 22. g3 Kg8 23. Kg2 Qc6 24. c4 f6 25. Rd5 b5 26. b3 bxc4 27. bxc4 Qb7 28. Rb1 Qc6 29. Rbd1 Kf7 30. h4 Qb7 31. h5 c6 32. R5d3 Rxd3 33. Rxd3 Rd8 34. Rb3 Qd7 35. Ra3 Qc8 36. Rb3 Bf8 37. c5 Be7 38. Rb6 Qd7 39. Rxa6 1-0


[Site "https://www.chess.com"]

[Event "Titled Tuesday Blitz March 29 Early 2022"]
[White "Matlakov, Maxim"]
[Black "Abdrlauf, Elham"]
[WhiteFideId "4168003"]
[BlackFideId "1533533"]
[WhiteElo "2669"]
[BlackElo "2334"]
[Result "1-0"]
[Round "06"]
[TimeControl "180+1"]
[Date "2022.03.29"]
[WhiteClock "0:00:06"]
[BlackClock "0:00:08"]

1. d4 Nf6 2. c4 e6 3. Nf3 d5 4. g3 dxc4 5. Bg2 a6 6. O-O Nc6 7. a4 Rb8 8. a5 Bd6 9. Nbd2 O-O 10. Nxc4 b5 11. axb6 Bb7 12. bxc7 Bxc7 13. b3 Re8 14. Bb2 Nb4 15. Rc1 Be4 16. Nfd2 Bxg2 17. Kxg2 Nc6 18. e3 e5 19. Nf3 exd4 20. Nxd4 Nxd4 21. Bxd4 h6 22. Qc2 Qd7 23. Nd2 Be5 24. Nf3 Bxd4 25. Nxd4 Nd5 26. Rfd1 Rxe3 27. Nc6 Nf4+ 28. Kh1 Qh3 29. fxe3 Nh5 30. Qg2 Qxg2+ 31. Kxg2 Rxb3 32. Ne5 Rxe3 33. Rc8+ Kh7 34. Nxf7 Re2+ 35. Kg1 Nf6 36. Rcd8 Ng4 37. R8d2 Re7 38. Nd6 Ne5 39. Kg2 Ng4 40. Nf5 Rf7 41. h3 Ne5 42. Rf2 Nc4 43. Re1 Nb6 44. Kg1 a5 45. Nd6 Ra7 46. Ra1 a4 47. Rc2 Ra5 48. Rc6 Nd5 49. Nc4 Rb5 50. Rxa4 Rb1+ 51. Kf2 Nb4 52. Rc7 Nd3+ 53. Ke3 Rb3 54. Kd4 Nb4 55. Raa7 Rd3+ 56. Kc5 Nd5 57. Rxg7+ Kh8 58. Rh7+ Kg8 59. Rag7+ Kf8 60. Rd7 Kg8 61. Rxd5 Rxg3 62. Re7 Kf8 63. Ra7 Ke8 64. Nd6+ Kd8 65. Nf5+ Kc8 66. Nxg3 1-0


[Site "https://www.chess.com"]

[Event "Titled Tuesday Blitz March 29 Early 2022"]
[White "Migot, Tangi"]
[Black "Miszler, Levente"]
[WhiteFideId "662445"]
[BlackFideId "763276"]
[WhiteElo "2522"]
[BlackElo "1966"]
[Result "0-1"]
[Round "06"]
[TimeControl "180+1"]
[Date "2022.03.30"]
[WhiteClock "0:00:10"]
[BlackClock "0:00:06"]

1. Nf3 Nf6 2. g3 g6 3. Bg2 Bh6 4. O-O O-O 5. b3 d6 6. Bb2 Bg7 7. c4 Nbd7 8. d4 c6 9. Nc3 Qc7 10. e4 e5 11. d5 cxd5 12. exd5 a6 13. Nd2 Nc5 14. Qe2 Re8 15. b4 Ncd7 16. Rac1 b6 17. Nb3 Bb7 18. a4 Rac8 19. Ne4 Nxe4 20. Bxe4 f5 21. Bg2 e4 22. Bxg7 Kxg7 23. a5 Ne5 24. Nd4 bxa5 25. bxa5 Qxa5 26. Ne6+ Kg8 27. Qb2 Re7 28. c5 Nd3 29. Qf6 Rf7 30. Ra1 Rxf6 31. Rxa5 Bxd5 32. Nd4 dxc5 33. Nc2 Bb3 34. Ne3 c4 35. Rb1 Rb6 36. Nd5 Rb5 37. Rxb5 axb5 38. Ne7+ Kf7 39. Nxc8 b4 40. Bf1 Bc2 41. Bxd3 exd3 42. Rxb4 d2 43. Rb7+ Ke8 44. Nd6+ Kd8 45. Nf7+ Ke8 46. Nd6+ Kf8 47. Rf7+ Kg8 48. Rd7 d1=Q+ 49. Kg2 Be4+ 50. Nxe4 Qa1 51. Ng5 c3 52. Nxh7 c2 53. Rc7 c1=Q 54. Nf6+ Kf8 55. Nh7+ Ke8 56. Nf6+ Kd8 57. Rxc1 Qxc1 58. Nd5 Qc6 0-1


[Site "https://www.chess.com"]

[Event "Titled Tuesday Blitz March 29 Early 2022"]
[White "Mihailidis, Anastasios"]
[Black "Shandrygin, Nikita"]
[WhiteFideId "4205588"]
[BlackFideId "24198668"]
[WhiteElo "2312"]
[BlackElo "2324"]
[Result "0-1"]
[Round "06"]
[TimeControl "180+1"]
[Date "2022.03.30"]
[WhiteClock "0:00:35"]
[BlackClock "0:02:06"]

1. e4 c5 2. Nf3 e6 3. c4 Nc6 4. Nc3 g5 5. d4 g4 6. d5 gxf3 7. dxc6 fxg2 8. cxd7+ Qxd7 9. Qxd7+ Bxd7 10. Bxg2 Bc6 11. Be3 Nf6 12. O-O-O Ng4 13. Kb1 Nxe3 14. fxe3 Bh6 15. Rhe1 Ke7 16. Bf3 Bg7 17. Kc2 Be5 18. h3 Rad8 19. Rxd8 Rxd8 20. Rd1 Rxd1 21. Nxd1 Kf6 22. Nf2 Kg5 23. Ng4 Bg7 24. Bh1 Kh4 25. Nf2 Kg3 26. Nd3 Kxh3 27. Nxc5 Kh2 28. Bf3 Kg3 29. Bh1 h5 30. b4 Bf8 31. Nd3 f5 32. Nf4 h4 33. Nd5 exd5 34. cxd5 Ba4+ 35. Kd2 fxe4 36. Bxe4 Bd6 37. Bf5 h3 38. Kd3 h2 39. Be4 Bb5+ 40. Kd4 Bf1 0-1


[Site "https://www.chess.com"]

[Event "Titled Tuesday Blitz March 29 Early 2022"]
[White "Mikhailovsky, Vladimir"]
[Black "Hua, Lefong"]
[WhiteFideId "34105414"]
[BlackFideId "2602253"]
[WhiteElo "2371"]
[BlackElo "2584"]
[Result "0-1"]
[Round "06"]
[TimeControl "180+1"]
[Date "2022.03.29"]
[WhiteClock "0:00:04"]
[BlackClock "0:00:50"]

1. e4 c5 2. Nf3 g6 3. d4 cxd4 4. Qxd4 Nf6 5. Nc3 Nc6 6. Qa4 d6 7. e5 dxe5 8. Nxe5 Bg7 9. Nxc6 bxc6 10. Be2 O-O 11. O-O Nd5 12. Ne4 Qb6 13. c4 Nf6 14. Bf3 Bf5 15. Nxf6+ Bxf6 16. Be3 Qxb2 17. Bxc6 Rac8 18. Rac1 a5 19. Bb5 Qb4 20. Qxb4 axb4 21. Bd2 Bb2 22. Bxb4 Bxc1 23. Rxc1 Rfd8 24. c5 Rd4 25. a3 Bd3 26. Ba4 Be4 27. h3 Bc6 28. Bxc6 Rxc6 29. Kf1 e5 30. Ke2 f5 31. Ke3 Kf7 32. g3 g5 33. Rb1 Ke6 34. Rb2 f4+ 35. gxf4 gxf4+ 36. Kf3 Kf5 37. Ke2 e4 38. Rc2 f3+ 39. Kf1 Rd1+ 40. Be1 Ke5 41. a4 Kd5 42. a5 Rxc5 43. Rxc5+ Kxc5 44. h4 h5 45. a6 Kb6 46. a7 Kxa7 0-1


[Site "https://www.chess.com"]

[Event "Titled Tuesday Blitz March 29 Early 2022"]
[White "Mikhnenko, Alexander"]
[Black "Krysa, Leandro"]
[WhiteFideId "34143014"]
[BlackFideId "116807"]
[WhiteElo "2184"]
[BlackElo "2490"]
[Result "1/2-1/2"]
[Round "06"]
[TimeControl "180+1"]
[Date "2022.03.30"]
[WhiteClock "0:00:11"]
[BlackClock "0:00:08"]

1. e4 e5 2. Nf3 Nf6 3. Nxe5 d6 4. Nf3 Nxe4 5. d4 d5 6. Bd3 Nc6 7. O-O Be7 8. c4 Nb4 9. cxd5 Nxd3 10. Qxd3 Qxd5 11. Nc3 Nxc3 12. bxc3 O-O 13. Bf4 c6 14. Rfe1 Bf5 15. Qd2 Bf6 16. Be5 Bxe5 17. Rxe5 Qd7 18. Rae1 Rfe8 19. Qf4 Bg6 20. h4 f6 21. Rxe8+ Rxe8 22. Rxe8+ Bxe8 23. Qb8 a6 24. Nd2 h6 25. Ne4 Kh7 26. Nc5 Qe7 27. Nxb7 Bh5 28. Kh2 Qe1 29. Qg3 Qe6 30. Na5 Qxa2 31. Nxc6 Qd5 32. Nb4 Qc4 33. Qd3+ Qxd3 34. Nxd3 a5 35. Nb2 Be8 36. c4 a4 37. Nd3 a3 38. Nc1 Kg6 39. Kg3 Kf5 40. Kf3 Bf7 41. d5 Ke5 42. Ke3 Bg6 43. f4+ Kd6 44. Kd4 Bb1 45. c5+ Kc7 46. Nb3 a2 47. Na1 Kd7 48. g3 h5 49. Kc4 Kc7 50. Kd4 Kd7 51. Nb3 Bc2 52. Na1 Bb1 1/2-1/2


[Site "https://www.chess.com"]

[Event "Titled Tuesday Blitz March 29 Early 2022"]
[White "Moksh Amit Doshi"]
[Black "Kiltti, Jyrki"]
[WhiteFideId "25064967"]
[BlackFideId "501204"]
[WhiteElo "2245"]
[BlackElo "2245"]
[Result "1-0"]
[Round "06"]
[TimeControl "180+1"]
[Date "2022.03.30"]
[WhiteClock "0:01:40"]
[BlackClock "0:00:28"]

1. d4 Nc6 2. d5 Ne5 3. e4 Ng6 4. c4 e5 5. Nc3 Bc5 6. Nf3 Nf6 7. Na4 Nxe4 8. Nxc5 Nxc5 9. b4 Ne4 10. Bd3 Nf6 11. O-O d6 12. a4 O-O 13. Bb2 Bg4 14. h3 Bh5 15. Re1 Nf4 16. Bf1 a5 17. bxa5 Rxa5 18. Qb3 Qa8 19. g3 Bxf3 20. gxf4 Bh5 21. fxe5 dxe5 22. Bxe5 Nd7 23. Bxc7 Nc5 24. Qg3 Rxa4 25. Rxa4 Nxa4 26. Ra1 Bg6 27. Qa3 Rc8 28. d6 Bc2 29. Qa2 Nb6 30. Bxb6 1-0


[Site "https://www.chess.com"]

[Event "Titled Tuesday Blitz March 29 Early 2022"]
[White "Molina, Roberto Junio Brito"]
[Black "Reprintsev, Alexander"]
[WhiteFideId "2109450"]
[BlackFideId "14100541"]
[WhiteElo "2432"]
[BlackElo "2108"]
[Result "0-1"]
[Round "06"]
[TimeControl "180+1"]
[Date "2022.03.30"]
[WhiteClock "0:00:25"]
[BlackClock "0:00:59"]

1. d4 d5 2. c4 e5 3. dxe5 d4 4. Nf3 Nc6 5. a3 g6 6. b4 Bg7 7. Bb2 Nh6 8. b5 Nxe5 9. Nxe5 Bxe5 10. e3 Nf5 11. Bd3 O-O 12. O-O Qd6 13. Bxf5 Bxh2+ 14. Kh1 Bxf5 15. Qxd4 Qxd4 16. Bxd4 Bd6 17. c5 Be7 18. Nc3 b6 19. Nd5 Bd8 20. c6 Bd3 21. Rfd1 Bxb5 22. Rac1 f6 23. e4 Kf7 24. f3 Re8 25. Rc3 Re6 26. Rdc1 Rc8 27. Kg1 Be7 28. Kf2 Bd6 29. g4 h5 30. gxh5 gxh5 31. Rh1 Rh8 32. f4 Rxe4 33. Bxf6 Rh6 34. Kf3 Rc4 35. Be5 Rxc3+ 36. Nxc3 Bxc6+ 37. Ne4 Bxe5 38. fxe5 h4 39. Kf4 Bxe4 40. Kxe4 h3 0-1


[Site "https://www.chess.com"]

[Event "Titled Tuesday Blitz March 29 Early 2022"]
[White "Mortazavi, Ali"]
[Black "Aditya Mittal"]
[WhiteFideId "401323"]
[BlackFideId "35042025"]
[WhiteElo "2339"]
[BlackElo "2303"]
[Result "1/2-1/2"]
[Round "06"]
[TimeControl "180+1"]
[Date "2022.03.30"]
[WhiteClock "0:00:06"]
[BlackClock "0:00:06"]

1. Nf3 d5 2. g3 c6 3. Bg2 Bg4 4. O-O Nd7 5. d3 Ngf6 6. c4 Bxf3 7. Bxf3 Ne5 8. Bg2 dxc4 9. d4 Ng6 10. f4 e6 11. e4 Qb6 12. Nc3 O-O-O 13. Be3 e5 14. Na4 Qb5 15. fxe5 Nxe5 16. Bh3+ Kb8 17. dxe5 Rxd1 18. Raxd1 Be7 19. exf6 Bxf6 20. Nc5 Bxb2 21. Rxf7 c3 22. Rdd7 Ka8 23. Rxb7 Qa5 24. Nb3 Qxa2 25. Rxa7+ Qxa7 26. Rxa7+ Kb8 27. Ra2 Re8 28. Bg2 Rd8 29. Bf3 Rd3 30. Kf2 Kc8 31. Be2 Rd8 32. Nd4 Rf8+ 33. Ke1 Kd7 34. Bg4+ Kd6 35. Nc2 Ke5 36. Ra4 Rd8 37. Bd4+ Kxe4 38. Bxc3+ Kd3 39. Bxb2 Kxc2 40. Bd4 Re8+ 41. Be2 Kb3 42. Rc4 Rxe2+ 43. Kxe2 Kxc4 44. Bxg7 Kd5 45. Kd2 Ke4 46. g4 Kf3 47. g5 Kg4 48. Bf6 Kh3 49. Be5 Kg4 50. Bf6 Kh3 51. Ke3 Kxh2 52. Kd4 Kg3 53. Kc5 Kg4 54. Kxc6 Kf5 55. Kd6 Kg6 56. Ke5 h6 57. gxh6 Kxh6 1/2-1/2


[Site "https://www.chess.com"]